HSSL
RANDALL HS RAIDERS @ BROKEN ARROW HS
04/11/2028
 
TOP OF THE 1ST
Randall HS Raiders batting - Pitching for Broken Arrow HS : RHP Bill Murphy
Pitching: RHP Bill Murphy
Batting: RHB Jesús Salazar 0-0: Ball
1-0: Ball
2-0: Called Strike
2-1: Foul Ball, location: 2F
2-2: Strikes out swinging
Batting: LHB Buddy Jones 0-0: Called Strike
0-1: Ball
1-1: Ball
2-1: Called Strike
2-2: Strikes out swinging
Batting: LHB Robert Wright 0-0: Called Strike
0-1: Ball
1-1: Ball
2-1: Foul Ball, location: 2F
2-2: Ball
3-2: Foul Ball, location: 2F
3-2: Foul Ball, location: 2F
3-2: Foul Ball, location: 2F
3-2: Foul Ball, location: 2F
3-2: Strikes out swinging
Top of the 1st over - 0 run(s), 0 hit(s), 0 error(s), 0 left on base; Randall HS 0 - Broken Arrow HS 0
BOTTOM OF THE 1ST
Broken Arrow HS batting - Pitching for Randall HS Raiders : RHP Mike Ritter
Pitching: RHP Mike Ritter
Batting: RHB Ramón Santos 0-0: Ball
1-0: Ball
2-0: Ball
3-0: Called Strike
3-1: SOLO HOME RUN (Flyball, 7D), Distance : 379 ft
Batting: RHB Donnie Bryan 0-0: Called Strike
0-1: Ball
1-1: Ball
2-1: Ball
3-1: Called Strike
3-2: DOUBLE (Line Drive, 5D)
Batting: LHB Brian Lawson 0-0: Ball
1-0: Swinging Strike
1-1: Foul Ball, location: 2F
1-2: Ball
2-2: Fly out, F8 (Flyball, 8RD)
Runner from 2nd tags up, SAFE at 3rd, no throw
Batting: RHB Bo Long 0-0: Called Strike
0-1: Foul Ball, location: 2F
0-2: SINGLE (Line Drive, 89S)
Donnie Bryan scores
Batting: RHB James Thompson 0-0: Ball
1-0: Reached on error, E6 (Groundball, 6)
Bo Long to second
Batting: LHB Jesús Zamora 0-0: Reached on error, E4 (Groundball, 34)
Bo Long to third
James Thompson to second
Batting: RHB Daniel Conner 0-0: Ball
1-0: Ball
2-0: Reached on error, E6 (Groundball, 6)
Bo Long scores
James Thompson to third
Jesús Zamora to second
Batting: RHB Chris Lancaster 0-0: Ball
1-0: Ball
2-0: DOUBLE (Line Drive, 7)
James Thompson scores
Jesús Zamora scores
Daniel Conner to third
Batting: RHB David Adams 0-0: Foul Ball, location: 2F
0-1: Ball
1-1: Ground out 5-3 (Groundball, 25)
Batting: RHB Ramón Santos 0-0: Ball
1-0: Foul Ball, location: 2F
1-1: Called Strike
1-2: Foul Ball, location: 2F
1-2: Ground out 6-3 (Groundball, 6)
Bottom of the 1st over - 5 run(s), 4 hit(s), 3 error(s), 2 left on base; Randall HS 0 - Broken Arrow HS 5
TOP OF THE 2ND
Randall HS Raiders batting - Pitching for Broken Arrow HS : RHP Bill Murphy
Batting: RHB Flynn Roberts 0-0: Ball
1-0: Ball
2-0: Ball
3-0: Called Strike
3-1: Base on Balls
Batting: LHB José Gonzáles 0-0: Ball
1-0: Foul Ball, location: 2F
1-1: Ball
Flynn Roberts steals 2nd base
2-1: Ball
3-1: Reached via error on a dropped throw, E1
Flynn Roberts to third
Batting: RHB Brody Sexton 0-0: Ball
1-0: Called Strike
1-1: Swinging Strike
1-2: Ball
2-2: Strikes out swinging
Batting: RHB Tom Allen 0-0: Hit by Pitch
José Gonzáles to second
Batting: RHB Don Ulrich 0-0: Called Strike
0-1: Ball
1-1: Swinging Strike
1-2: Strikes out looking
Batting: RHB Luis Sánchez 0-0: Fly out, F9 (Flyball, 9S)
Top of the 2nd over - 0 run(s), 0 hit(s), 1 error(s), 3 left on base; Randall HS 0 - Broken Arrow HS 5
BOTTOM OF THE 2ND
Broken Arrow HS batting - Pitching for Randall HS Raiders : RHP Mike Ritter
Batting: RHB Donnie Bryan 0-0: Ball
1-0: Swinging Strike
1-1: Ball
2-1: Foul Ball, location: 2F
2-2: SINGLE (Groundball, 6MD)
Batting: LHB Brian Lawson 0-0: Called Strike
0-1: Foul Ball, location: 2F
0-2: Ball
1-2: Ball
2-2: Ball
3-2: Strikes out swinging
Batting: RHB Bo Long 0-0: Ball
1-0: Foul Ball, location: 2F
1-1: Foul Ball, location: 2F
1-2: Ball
2-2: Foul Ball, location: 2F
2-2: Ball
3-2: SINGLE (Line Drive, 56D)
Donnie Bryan to second
Batting: RHB James Thompson 0-0: Called Strike
0-1: Ball
1-1: Called Strike
1-2: Foul Ball, location: 2F
1-2: Strikes out looking
Batting: LHB Jesús Zamora 0-0: Ball
1-0: Fly out, F9 (Flyball, 89S)
Bottom of the 2nd over - 0 run(s), 2 hit(s), 0 error(s), 2 left on base; Randall HS 0 - Broken Arrow HS 5
TOP OF THE 3RD
Randall HS Raiders batting - Pitching for Broken Arrow HS : RHP Bill Murphy
Batting: RHB Jesús Salazar 0-0: Ball
1-0: Ball
2-0: Called Strike
2-1: SOLO HOME RUN (Line Drive, 7D), Distance : 378 ft
Batting: LHB Buddy Jones 0-0: Called Strike
0-1: Called Strike
0-2: Strikes out swinging
Batting: LHB Robert Wright 0-0: Called Strike
0-1: Foul Ball, location: 2F
0-2: Strikes out looking
Batting: RHB Flynn Roberts 0-0: Ball
1-0: Ball
2-0: SINGLE (Line Drive, 34)
Batting: LHB José Gonzáles 0-0: Ball
Pickoff Throw to First - Out!
Top of the 3rd over - 1 run(s), 2 hit(s), 0 error(s), 0 left on base; Randall HS 1 - Broken Arrow HS 5
BOTTOM OF THE 3RD
Broken Arrow HS batting - Pitching for Randall HS Raiders : RHP Mike Ritter
Batting: RHB Daniel Conner 0-0: SINGLE (Flyball, 7S)
Batting: RHB Chris Lancaster 0-0: Ball
Daniel Conner steals 2nd base
1-0: DOUBLE (Line Drive, 9LM)
Daniel Conner scores
Pitching: RHP Otto Norwood
Batting: RHB David Adams 0-0: Called Strike
0-1: Swinging Strike
0-2: Strikes out swinging
Batting: RHB Ramón Santos 0-0: Ball
1-0: Ball
2-0: Ball
3-0: Base on Balls
Batting: RHB Donnie Bryan 0-0: Ball
1-0: Swinging Strike
1-1: Called Strike
1-2: Ball
2-2: Ball
3-2: Reached on error, E4 (Groundball, 4)
Chris Lancaster to third
Ramón Santos to second
Batting: LHB Brian Lawson 0-0: Foul Ball, location: 2F
0-1: Foul Ball, location: 2F
0-2: Ball
1-2: Strikes out swinging
Batting: RHB Bo Long 0-0: Called Strike
0-1: Called Strike
0-2: Fly out, F9 (Flyball, 89S)
Bottom of the 3rd over - 1 run(s), 2 hit(s), 1 error(s), 3 left on base; Randall HS 1 - Broken Arrow HS 6
TOP OF THE 4TH
Randall HS Raiders batting - Pitching for Broken Arrow HS : RHP Bill Murphy
Batting: LHB José Gonzáles 0-0: Ball
1-0: Ball
2-0: Fly out, F8 (Line Drive, 8RM)
Batting: RHB Brody Sexton 0-0: Called Strike
0-1: Ground out 6-3 (Groundball, 6)
Batting: RHB Tom Allen 0-0: Ball
1-0: Foul Ball, location: 2F
1-1: Ball
2-1: DOUBLE (Line Drive, 7)
Batting: RHB Don Ulrich 0-0: Called Strike
0-1: Ball
1-1: Called Strike
1-2: Ball
2-2: Foul Ball, location: 2F
2-2: Ball
3-2: Base on Balls
Batting: RHB Luis Sánchez 0-0: Foul Ball, location: 2F
0-1: Ball
1-1: Ball
2-1: Swinging Strike
2-2: Strikes out looking
Top of the 4th over - 0 run(s), 1 hit(s), 0 error(s), 2 left on base; Randall HS 1 - Broken Arrow HS 6
BOTTOM OF THE 4TH
Broken Arrow HS batting - Pitching for Randall HS Raiders : RHP Otto Norwood
Batting: RHB James Thompson 0-0: Called Strike
0-1: Foul Ball, location: 2F
0-2: Foul Ball, location: 2F
0-2: Ball
1-2: Ground out 6-3 (Groundball, 6)
Batting: LHB Jesús Zamora 0-0: Ball
1-0: Foul Ball, location: 2F
1-1: SOLO HOME RUN (Flyball, 9LD), Distance : 355 ft
Batting: RHB Daniel Conner 0-0: Ball
1-0: Ball
2-0: Called Strike
2-1: Ball
3-1: Reached on error, E5 (Groundball, 56)
Batting: RHB Chris Lancaster 0-0: Ball
1-0: Ball
2-0: Grounds into double play, 5-4-3 (Groundball, 56)
Bottom of the 4th over - 1 run(s), 1 hit(s), 1 error(s), 0 left on base; Randall HS 1 - Broken Arrow HS 7
TOP OF THE 5TH
Randall HS Raiders batting - Pitching for Broken Arrow HS : RHP Bill Murphy
Batting: RHB Jesús Salazar 0-0: Ball
1-0: Ground out U3 (Groundball, 3)
Batting: LHB Buddy Jones 0-0: Fly out, F8 (Flyball, 8LM)
Batting: LHB Robert Wright 0-0: Ball
1-0: Ball
2-0: Foul Ball, location: 2F
2-1: Foul Ball, location: 2F
2-2: Reached via error on a dropped throw, E1
Pitching: RHP Dan Montgomery
Batting: RHB Flynn Roberts 0-0: Foul Ball, location: 2F
0-1: Ball
1-1: Fly out, F3 (Popup, 3L)
Top of the 5th over - 0 run(s), 0 hit(s), 1 error(s), 1 left on base; Randall HS 1 - Broken Arrow HS 7
BOTTOM OF THE 5TH
Broken Arrow HS batting - Pitching for Randall HS Raiders : RHP Otto Norwood
Batting: RHB David Adams 0-0: Called Strike
0-1: SOLO HOME RUN (Flyball, 7LD), Distance : 353 ft
Batting: RHB Ramón Santos 0-0: Ball
1-0: Swinging Strike
1-1: Ball
2-1: Foul Ball, location: 2F
2-2: Ball
3-2: Strikes out swinging, 2-3 out at first.
Batting: RHB Donnie Bryan 0-0: Called Strike
0-1: Ball
1-1: Ball
2-1: Foul Ball, location: 2F
2-2: Foul Ball, location: 2F
2-2: Ball
3-2: Fly out, F9 (Flyball, 9LS)
Batting: LHB Brian Lawson 0-0: Foul Ball, location: 2F
0-1: Ball
1-1: Ball
2-1: Swinging Strike
2-2: Ball
3-2: SOLO HOME RUN (Flyball, 9D), Distance : 374 ft
Pitching: RHP Ron Meany
Batting: RHB Bo Long 0-0: Foul Ball, location: 2F
0-1: Ball
1-1: Foul Ball, location: 2F
1-2: Fly out, F9 (Line Drive, 9LS)
Bottom of the 5th over - 2 run(s), 2 hit(s), 0 error(s), 0 left on base; Randall HS 1 - Broken Arrow HS 9
TOP OF THE 6TH
Randall HS Raiders batting - Pitching for Broken Arrow HS : RHP Dan Montgomery
Batting: LHB José Gonzáles 0-0: Foul Ball, location: 2F
0-1: Swinging Strike
0-2: Ball
1-2: Ball
2-2: Fly out, F7 (Flyball, 7)
Batting: RHB Brody Sexton 0-0: Ball
1-0: Foul Ball, location: 2F
1-1: Fly out, F8 (Flyball, 8RD)
Batting: RHB Tom Allen 0-0: Ball
1-0: Ball
2-0: Called Strike
2-1: DOUBLE (Flyball, 9D)
Batting: RHB Don Ulrich 0-0: Ball
1-0: Foul Ball, location: 2F
1-1: Foul Ball, location: 2F
1-2: Strikes out looking
Top of the 6th over - 0 run(s), 1 hit(s), 0 error(s), 1 left on base; Randall HS 1 - Broken Arrow HS 9
BOTTOM OF THE 6TH
Broken Arrow HS batting - Pitching for Randall HS Raiders : RHP Ron Meany
Batting: RHB James Thompson 0-0: SOLO HOME RUN (Flyball, 78XD), Distance : 421 ft
Batting: LHB Jesús Zamora 0-0: Ball
1-0: Ball
2-0: Ball
3-0: Base on Balls
Batting: RHB Daniel Conner 0-0: Ball
1-0: Ball
2-0: Ball
3-0: Base on Balls
Jesús Zamora to second
Batting: RHB Chris Lancaster 0-0: Ball
1-0: Ball
2-0: Ball
3-0: Called Strike
3-1: Called Strike
3-2: Base on Balls
Jesús Zamora to third
Daniel Conner to second
Batting: RHB David Adams 0-0: Swinging Strike
0-1: Ball
1-1: Foul Ball, location: 2F
1-2: Ball
2-2: Foul Ball, location: 2F
2-2: Ball
3-2: Base on Balls
Jesús Zamora scores
Daniel Conner to third
Chris Lancaster to second
Batting: RHB Ramón Santos 0-0: Ball
1-0: Swinging Strike
1-1: Swinging Strike
1-2: Strikes out looking
Batting: RHB Donnie Bryan 0-0: Ball
1-0: Ball
2-0: Grounds into double play, 6-4-3 (Groundball, 6)
Bottom of the 6th over - 2 run(s), 1 hit(s), 0 error(s), 2 left on base; Randall HS 1 - Broken Arrow HS 11
TOP OF THE 7TH
Randall HS Raiders batting - Pitching for Broken Arrow HS : RHP Dan Montgomery
Batting: RHB Luis Sánchez 0-0: Ball
1-0: Foul Ball, location: 2F
1-1: Ball
2-1: Ball
3-1: Base on Balls
Batting: RHB Jesús Salazar 0-0: Ball
1-0: Called Strike
1-1: DOUBLE (Line Drive, 78D)
Luis Sánchez to third
Batting: LHB Buddy Jones 0-0: Ball
1-0: DOUBLE (Flyball, 78D)
Luis Sánchez scores
Jesús Salazar scores
Batting: LHB Robert Wright 0-0: Ball
1-0: Ball
2-0: Ball
3-0: Base on Balls
Batting: RHB Flynn Roberts 0-0: Ball
1-0: SINGLE (Line Drive, 7LM)
Buddy Jones to third
Robert Wright to second
Batting: LHB José Gonzáles 0-0: Called Strike
0-1: Ball
1-1: Swinging Strike
1-2: Strikes out swinging
Batting: RHB Brody Sexton 0-0: Swinging Strike
0-1: Called Strike
0-2: Ball
1-2: Ball
2-2: Foul Ball, location: 2F
2-2: Foul Ball, location: 2F
2-2: Ball
Wild Pitch!
Buddy Jones scores
Robert Wright to third
Flynn Roberts to second
3-2: Fly out, F6 (Popup, 4M)
Pitching: RHP Donnie Davenport
Batting: RHB Tom Allen 0-0: Called Strike
0-1: Ball
1-1: Foul Ball, location: 2F
1-2: Ball
2-2: SINGLE (Groundball, 4MD)
Robert Wright scores
Flynn Roberts to third
Runner from 3rd tries for Home, SAFE, no throw
Batting: RHB Don Ulrich 0-0: Ball
1-0: Swinging Strike
1-1: Foul Ball, location: 2F
1-2: Ball
2-2: Strikes out swinging
Top of the 7th over - 5 run(s), 4 hit(s), 0 error(s), 1 left on base; Randall HS 6 - Broken Arrow HS 11
BOTTOM OF THE 7TH
Broken Arrow HS batting - Pitching for Randall HS Raiders : RHP Ron Meany
Pitching: RHP Eric Hartley
Batting: LHB Brian Lawson 0-0: Foul Ball, location: 2F
0-1: Foul Ball, location: 2F
0-2: Strikes out swinging
Batting: RHB Bo Long 0-0: Foul Ball, location: 2F
0-1: Foul Ball, location: 2F
0-2: Ball
1-2: Ball
2-2: Fly out, F6 (Popup, 6MD)
Batting: RHB James Thompson 0-0: Ball
1-0: Ball
2-0: Ball
3-0: Called Strike
3-1: Base on Balls
Batting: LHB Jesús Zamora 0-0: Ball
1-0: Foul Ball, location: 2F
1-1: Ball
2-1: Ball
3-1: Called Strike
3-2: SINGLE (Groundball, 34D)
James Thompson to second
James Thompson to third
Batting: RHB Daniel Conner 0-0: Called Strike
0-1: Ball
1-1: Called Strike
1-2: Foul Ball, location: 2F
1-2: Ground out 1-3 (Groundball, P)
Bottom of the 7th over - 0 run(s), 1 hit(s), 0 error(s), 2 left on base; Randall HS 6 - Broken Arrow HS 11
TOP OF THE 8TH
Randall HS Raiders batting - Pitching for Broken Arrow HS : RHP Donnie Davenport
Now in LF: Dennis Montgomery
Batting: RHB Luis Sánchez 0-0: Ball
1-0: Ball
2-0: Fly out, F8 (Flyball, 78M)
Batting: RHB Jesús Salazar 0-0: Foul Ball, location: 2F
0-1: Ball
1-1: Swinging Strike
1-2: SINGLE (Line Drive, 6MD)
Batting: LHB Buddy Jones 0-0: Foul Ball, location: 2F
0-1: Ball
1-1: Foul Ball, location: 2F
1-2: Foul Ball, location: 2F
1-2: Ball
2-2: Ball
3-2: Base on Balls
Jesús Salazar to second
Batting: LHB Robert Wright 0-0: Ball
1-0: Swinging Strike
1-1: Foul Ball, location: 2F
1-2: Ball
2-2: Foul Ball, location: 2F
2-2: Ball
3-2: Strikes out looking
Buddy Jones is caught stealing 2nd base
Batter strikes out.
Top of the 8th over - 0 run(s), 1 hit(s), 0 error(s), 1 left on base; Randall HS 6 - Broken Arrow HS 11
BOTTOM OF THE 8TH
Broken Arrow HS batting - Pitching for Randall HS Raiders : RHP Eric Hartley
Batting: RHB Chris Lancaster 0-0: Ball
1-0: Ball
2-0: Called Strike
2-1: Swinging Strike
2-2: Ball
3-2: Base on Balls
Batting: RHB David Adams 0-0: Swinging Strike
0-1: Ball
1-1: Ball
2-1: Called Strike
2-2: Ball
3-2: Base on Balls
Chris Lancaster to second
Batting: RHB Ramón Santos 0-0: Ball
1-0: Foul Ball, location: 2F
1-1: Ball
Passed Ball!
Chris Lancaster to third
David Adams to second
2-1: Ball
3-1: Foul Ball, location: 2F
3-2: Ground out 6-3 (Groundball, 6)
Chris Lancaster scores
Batting: RHB Donnie Bryan 0-0: Foul Ball, location: 2F
0-1: Ball
1-1: Ball
2-1: DOUBLE (Line Drive, 7LD)
David Adams scores
Batting: LHB Brian Lawson 0-0: Called Strike
0-1: Swinging Strike
0-2: Foul Ball, location: 2F
0-2: Ball
1-2: Foul Ball, location: 2F
1-2: Ball
2-2: Foul Ball, location: 2F
2-2: Foul Ball, location: 2F
2-2: Strikes out swinging
Batting: RHB Bo Long 0-0: Ball
1-0: Ball
Wild Pitch!
Donnie Bryan to third
2-0: Ball
3-0: Called Strike
3-1: Swinging Strike
3-2: Foul Ball, location: 2F
3-2: SINGLE (Groundball, 6) (infield hit)
Donnie Bryan scores
Pitching: LHP Pedro Fernández
Batting: RHB James Thompson 0-0: Called Strike
Bo Long is caught stealing 2nd base
Bottom of the 8th over - 3 run(s), 2 hit(s), 0 error(s), 0 left on base; Randall HS 6 - Broken Arrow HS 14
TOP OF THE 9TH
Randall HS Raiders batting - Pitching for Broken Arrow HS : RHP Donnie Davenport
Now at 2B: Jon Bush
Batting: RHB Flynn Roberts 0-0: Swinging Strike
0-1: Ball
1-1: Swinging Strike
1-2: Strikes out swinging
Batting: LHB José Gonzáles 0-0: Ball
1-0: Ball
2-0: Ball
3-0: Base on Balls
Batting: RHB Brody Sexton 0-0: Called Strike
0-1: Hit by Pitch
José Gonzáles to second
Pitching: RHP Gong-sun Wan
Batting: RHB Tom Allen 0-0: Ball
1-0: Fielders Choice at 2nd, 1-6 (Groundball, 13S)
José Gonzáles to third
Batting: RHB Don Ulrich 0-0: SINGLE (Line Drive, 4MD)
José Gonzáles scores
Tom Allen to second
Batting: RHB Luis Sánchez 0-0: Foul Ball, location: 2F
0-1: Foul Ball, location: 2F
0-2: Foul Ball, location: 2F
0-2: Strikes out swinging
Top of the 9th over - 1 run(s), 1 hit(s), 0 error(s), 2 left on base; Randall HS 7 - Broken Arrow HS 14
Tuesday, August 8th, 2017 - OOTP Baseball 17.12 Build 75